 Dungeon Crawl Stone Soup version 0.29.0-11-gd7f09526c8 (webtiles) character file.

Game seed: 11354005470952239571

22631 ragingrage the Destroyer (level 13, -10/72 HPs)
             Began as an Octopode Cinder Acolyte on Sept 7, 2022.
             Was a High Priest of Ignis.
             Mangled by a komodo dragon (27 damage)
             ... on level 4 of the Lair of Beasts.
             The game lasted 00:42:57 (28216 turns).

ragingrage the Destroyer (Octopode Cinder Acolyte) Turns: 28216, Time: 00:42:57

Health: -10/72     AC:  1    Str: 18    XL:     13   Next: 1%
Magic:  23/23      EV: 15    Int: 26    God:    Ignis [*****.]
Gold:   862        SH:  0    Dex:  8    Spells: 11/26 levels left

rFire   + + .      SeeInvis +   F - +8 quarterstaff of Sibidaj {spect, Str+4 Stlth+}
rCold   . . .      Faith    .   (shield currently unavailable)
rNeg    . . .      Spirit   .   (helmet restricted)
rPois   .          Reflect  .   (no amulet)
rElec   .          Harm     .   q - ring of see invisible
rCorr   .          Rampage  .   t - ring of wizardry
Will    .....                   B - +6 ring of intelligence
Stlth   ++++......              (no ring)
HPRegen 0.22/turn               (no ring)
MPRegen 0.18/turn               (no ring)
                                (no ring)
                                (no ring)

@: no status effects
A: almost no armour, amphibious, 8 rings, camouflage 2, gelatinous body 1,
(nimble swimmer 1), tentacles, tentacle spike 1, fire resistance 1, frail 1,
MP-powered wands
a: Renounce Religion, Fiery Armour, Foxfire Swarm, Rising Flame


You were on level 4 of the Lair of Beasts.
You worshipped Ignis.
Ignis was extremely pleased with you.
You visited 3 branches of the dungeon, and saw 15 of its levels.

You collected 862 gold pieces.

Inventory:

Hand Weapons
 a - a -1 spear of flaming
 u - a +0 whip of electrocution
 x - a +6 morningstar of draining
 F - the +8 quarterstaff of Sibidaj (weapon) {spect, Str+4 Stlth+}
   (You found it on level 3 of the Lair of Beasts)

   When its wielder attacks, the weapon's spirit leaps out and strikes again.
   The spirit shares a part of any damage it takes with its wielder.
   Str:       It affects your strength (+4).
   Stlth:     It makes you more stealthy.
Missiles
 n - 7 javelins
 o - 10 poisoned darts
Magical Staves
 z - a staff of cold
Jewellery
 h - a ring of ice
 q - a ring of see invisible (left tentacle)
 t - a ring of wizardry (right tentacle)
 B - a +6 ring of intelligence (on tentacle)
 C - a ring of ice
Wands
 e - a wand of roots (11)
 m - a wand of mindburst (9)
 r - a wand of flame (12)
Scrolls
 c - 2 scrolls of amnesia
 g - 4 scrolls of poison
 i - a scroll of fog
 l - 5 scrolls of immolation
 s - a scroll of summoning
 y - a scroll of vulnerability
 A - a scroll of fear {unknown}
 D - a scroll of magic mapping
 E - a scroll of enchant weapon
Potions
 b - 8 potions of curing
 d - a potion of berserk rage
 f - 2 potions of brilliance
 j - a potion of invisibility
 k - a potion of haste
 p - 3 potions of lignification
 w - a potion of flight


   Skills:
 + Level 5.3 Fighting
 - Level 3.0 Polearms
 - Level 10.0 Dodging
 + Level 7.3 Spellcasting
 + Level 12.1 Conjurations
 - Level 12.0 Fire Magic
 - Level 2.0 Poison Magic


You had 11 spell levels left.
You knew the following spells:

 Your Spells              Type           Power      Damage    Failure   Level
a - Scorch                Fire           100%       2d10      1%          2
b - Mephitic Cloud        Conj/Pois/Air  34%        N/A       1%          3
c - Fireball              Conj/Fire      32%        3d14      1%          5
d - Freezing Cloud        Conj/Ice/Air   15%        6-21      13%         5

Your spell library contained the following spells:

 Spells                   Type           Power      Damage    Failure   Level
 Ignite Poison            Fire/Tmut/Pois 33%        N/A       1%          3
 Slow                     Hex            36%        N/A       2%          1
 Confusing Touch          Hex            9%         N/A       8%          3
 Vampiric Draining        Necr           9%         2d6       8%          3
 Summon Forest            Summ/Tloc      4%         N/A       52%         5
 Dispersal                Tloc           4%         N/A       97%         6


Dungeon Overview and Level Annotations

Branches:
Dungeon (9/15)             Temple (1/1) D:5            Lair (5/5) D:8
 Shoals (0/4) Lair:3       Spider (0/4) Lair:3
  Slime: Lair:4-5       Orc: D:9-12

Altars:
Ashenzari
Cheibriados
Dithmenos
Gozag
Hepliaklqana
Kikubaaqudgha
Ru
Trog
Vehumet
Zin

Annotations:
D:3 1 runed translucent door, Crazy Yiuf
D:5 3 runed translucent doors, RascalDebosk's ghost, novice MiFi; blackman's ghost, weakling DsDe
D:7 exclusion: downstairs
Lair:1 exclusion: hydra
Lair:3 exclusion: downstairs
Lair:4 exclusion: downstairs


Innate Abilities, Weirdness & Mutations

You cannot wear most types of armour.
You are amphibious.
You can wear up to eight rings at the same time.
Your skin blends seamlessly with your surroundings (Stealth++).
Your rubbery body absorbs attacks. (AC +1, EV +1)
((You are camouflaged when in or above water. (Stealth+)))
You have tentacles for arms and can constrict up to eight enemies at once.
One of your tentacles bears a spike.
Your flesh is heat resistant. (rF+)
You are frail. (-10% HP)
You expend magic power (3 MP) to strengthen your wands.


Message History

Unknown command.
The water moccasin bites you. The komodo dragon bites you.
The water moccasin bites you.
You climb upwards.
Level annotation: exclusion: downstairs
There is a stone staircase leading down here.
Casting: Fireball (dangerous; 1% risk of failure)
Confirm with . or Enter, or press ? or * to list all spells.
Aiming: Freezing Cloud (dangerous; 13% risk of failure)
Press: ? - help, Dir - move target
Okay, then.
Okay, then.
Unknown command.
As you read the scroll of summoning, it crumbles to dust.
Wisps of shadow whirl around you... The komodo dragon barely misses you.
The water moccasin bites you!
You are poisoned.
The water moccasin poisons you!
You are confused.
You feel invigorated.
You feel very sick. The water moccasin misses you. The komodo dragon bites you!
* * * LOW HITPOINT WARNING * * *
Your water moccasin barely misses the komodo dragon.
The water moccasin barely misses you.
Are you sure you want to stumble around while confused and next to your cane toad?
Okay, then.
You feel better.
You feel less invigorated. The komodo dragon bites you!
* * * LOW HITPOINT WARNING * * *
Your water moccasin bites the komodo dragon but does no damage.
The water moccasin bites you!
* * * LOW HITPOINT WARNING * * *
You are lethally poisoned!
The water moccasin poisons you!
Your bullfrog completely misses the water moccasin.
You feel better.
Your water moccasin bites the komodo dragon but does no damage.
The water moccasin completely misses you.
The komodo dragon bites you!!
You die...

##P.#.......## #...#.............
#####.......###.................
##.....##.#........##.......
##.............#####.......
#########..........#..####.....#.
#................P......#.....#..
#.................#..............
.................................
...............F@FS..............
................Sl..............#
......................[........#.
..............................#.#
.................................
...........).........(...........
..##.........P...(.(...........#.
#..##.............P..............
....#............((...........##.


You could see a komodo dragon (ally target), a water moccasin (ally target), a
friendly cane toad (summoned), a friendly water moccasin (summoned) and a
friendly bullfrog (summoned).

Vanquished Creatures
  Snorg (Lair:4)
  A catoblepas (Lair:3)
  A hydra (Lair:4)
  3 elephants
  A merfolk siren (Lair:3)
  A torpor snail (Lair:2)
  2 black mambas
  6 cane toads
  3 rime drakes
  5 komodo dragons
  A troll (D:9)
  A polar bear (Lair:3)
  A hornet (D:8)
  Prince Ribbit (D:5)
  8 blink frogs
  2 culicivoras (Lair:3)
  3 jumping spiders (Lair:3)
  21 yaks
  8 wyverns
  A fire elemental (Lair:2)
  6 basilisks
  4 fire bats (Lair:2)
  2 redbacks (Lair:3)
  7 water moccasins
  Duvessa (D:6)
  3 black bears
  5 orc warriors
  A sky beast (D:6)
  3 wolves (Lair:2)
  4 centaurs
  A phantom (D:4)
  A gnoll sergeant (D:9)
  4 scorpions
  11 bullfrogs
  4 necrophages
  11 wights
  Dowan (D:6)
  6 killer bees
  4 howler monkeys
  3 jellies
  6 hounds
  5 orc priests
  16 orc wizards
  2 iguanas
  7 gnolls
  8 adders
  A white imp (D:6)
  2 worms
  16 dart slugs
  32 orcs
  7 bats
  4 endoplasms
  5 giant cockroaches
  2 hobgoblins (D:1)
  2 jackals (D:3)
  4 kobolds
  7 quokkas
  10 ball pythons
  7 frilled lizards
  8 goblins
  11 rats
  A rat zombie (D:4)
316 creatures vanquished.

Vanquished Creatures (collateral kills)
  A howler monkey (D:9)
  An orc (D:8)
2 creatures vanquished.

Vanquished Creatures (others)
  A bush (Lair:2)
  23 foxfires (Lair:4)
  38 fungi
  71 plants
  4 withered plants (D:5)
137 creatures vanquished.

Grand Total: 455 creatures vanquished

Notes
Turn   | Place    | Note
-------+----------+-------------------------------------------
     0 | D:1      | ragingrage the Octopode Cinder Acolyte began the quest for
                  | the Orb.
     0 | D:1      | Reached XP level 1. HP: 16/16 MP: 2/2
    53 | D:1      | Reached XP level 2. HP: 10/21 MP: 4/4
    59 | D:1      | Learned a level 2 spell: Scorch
   684 | D:1      | Reached XP level 3. HP: 24/26 MP: 5/5
  1364 | D:2      | Identified the +0 robe of Insecurity {Regen+ Dex+4}
  1489 | D:2      | Reached XP level 4. HP: 31/31 MP: 2/7
  2220 | D:2      | Found a faded altar of an unknown god.
  2512 | D:3      | Reached XP level 5. HP: 28/36 MP: 0/9
  2943 | D:3      | Identified the +1 ring mail of Inquiry {Rampage rN++ Str+4}
  3191 | D:3      | Reached skill level 5 in Fire Magic
  3191 | D:3      | Reached XP level 6. HP: 40/42 MP: 0/11
  3759 | D:3      | Found a runed translucent door.
  3760 | D:3      | Noticed Crazy Yiuf
  4106 | D:4      | Found a broken altar of Ashenzari.
  4106 | D:4      | Found a snail-covered altar of Cheibriados.
  4296 | D:4      | Learned a level 3 spell: Mephitic Cloud
  4600 | D:4      | Found an ancient bone altar of Kikubaaqudgha.
  5036 | D:5      | Entered Level 5 of the Dungeon
  5242 | D:5      | Reached XP level 7. HP: 40/46 MP: 6/13
  5459 | D:5      | Found a staircase to the Ecumenical Temple.
  5475 | Temple   | Entered the Ecumenical Temple
  5507 | D:5      | Reached skill level 1 in Conjurations
  5507 | D:5      | Reached skill level 1 in Poison Magic
  5945 | D:5      | Noticed Prince Ribbit
  5953 | D:5      | Killed Prince Ribbit
  5954 | D:5      | Reached skill level 5 in Spellcasting
  6215 | D:5      | Reached XP level 8. HP: 50/52 MP: 8/15
  6361 | D:5      | Found a runed translucent gate.
  6463 | D:5      | Found a runed translucent gate.
  6464 | D:5      | Found a runed translucent gate.
  6471 | D:5      | Noticed blackman's ghost (weakling DsDe)
  6471 | D:5      | Noticed RascalDebosk's ghost (novice MiFi)
  6596 | D:5      | Found a shadowy altar of Dithmenos.
  6625 | D:5      | Found a sacrificial altar of Ru.
  7332 | D:6      | Reached skill level 1 in Dodging
  8396 | D:6      | Noticed Dowan
  8783 | D:6      | Noticed Duvessa
  8787 | D:6      | Killed Duvessa
  8788 | D:6      | Reached XP level 9. HP: 56/56 MP: 9/16
  8791 | D:6      | Killed Dowan
  8803 | D:6      | Got the Folio of Discontinuous Heat
  8810 | D:6      | Learned a level 5 spell: Fireball
 10215 | D:7      | Found a glowing silver altar of Zin.
 10517 | D:7      | Reached skill level 5 in Dodging
 10568 | D:7      | Reached skill level 5 in Conjurations
 10921 | D:8      | Noticed a two-headed ogre
 11236 | D:8      | Noticed a hornet
 11271 | D:8      | Killed a hornet
 11708 | D:8      | Reached XP level 10. HP: 51/63 MP: 14/17
 12565 | D:8      | Identified the +2 leather armour "Hebluir" {Rampage +Blink
                  | rC- rCorr}
 12965 | D:8      | Reached skill level 10 in Fire Magic
 13028 | D:8      | Found a staircase to the Lair.
 16602 | Lair:1   | Entered Level 1 of the Lair of Beasts
 17153 | Lair:1   | Noticed an eight-headed hydra
 17161 | Lair:1   | Noticed a black mamba
 17199 | Lair:1   | Killed a black mamba
 17200 | Lair:1   | Reached XP level 11. HP: 49/70 MP: 7/19
 18880 | Lair:2   | Reached skill level 5 in Fighting
 21206 | Lair:3   | Found a dark tunnel.
 21552 | Lair:3   | Found a staircase to the Shoals.
 21765 | Lair:3   | Reached XP level 12. HP: 77/77 MP: 5/21
 22154 | Lair:3   | Found a hole to the Spider Nest.
 22241 | Lair:3   | Reached skill level 10 in Dodging
 22488 | Lair:3   | Identified the +8 quarterstaff of Sibidaj {spect, Str+4
                  | Stlth+}
 23267 | Lair:4   | Noticed a catoblepas
 23390 | Lair:3   | Gained mutation: You are weak. (Str -2) [potion of
                  | mutation]
 23390 | Lair:3   | Gained mutation: Your magical capacity is low. (-10% MP)
                  | [potion of mutation]
 23390 | Lair:3   | Gained mutation: Your skin blends seamlessly with your
                  | surroundings (Stealth++). [potion of mutation]
 23391 | Lair:3   | Lost mutation: Your magical capacity is low. (-10% MP)
                  | [potion of mutation]
 23391 | Lair:3   | Lost mutation: You are weak. (Str -2) [potion of mutation]
 23391 | Lair:3   | Gained mutation: You are frail. (-10% HP) [potion of
                  | mutation]
 23391 | Lair:3   | Gained mutation: Your flesh is heat resistant. (rF+)
                  | [potion of mutation]
 23391 | Lair:3   | Gained mutation: You expend magic power (3 MP) to
                  | strengthen your wands. [potion of mutation]
 23391 | Lair:3   | Gained mutation: One of your tentacles bears a spike.
                  | [potion of mutation]
 23425 | Lair:4   | Noticed a six-headed hydra
 23509 | Lair:4   | Noticed Snorg
 23782 | Lair:4   | Killed Snorg
 23806 | Lair:4   | Reached skill level 10 in Conjurations
 23954 | Lair:3   | Killed a catoblepas
 25034 | Lair:4   | Killed a six-headed hydra
 26968 | Lair:4   | Learned a level 5 spell: Freezing Cloud
 26994 | Lair:5   | Entered Level 5 of the Lair of Beasts
 27959 | Lair:4   | Reached XP level 13. HP: 65/72 MP: 7/23
 28216 | Lair:4   | Mangled by a komodo dragon

Illustrated notes

Levels and vault maps discovered:
D:1:      dpeg_arrival_pits, layout_rooms, serial_bayou, serial_bayou_shore_a,
          serial_bayou_pond_b, serial_bayou_pond_b, serial_bayou_pond_b
D:2:      minmay_wonky_spiral, layout_basic,
          dreamdust_ecumenical_altar_hidden_monk_grotto
D:3:      kennysheep_slugbush, layout_basic, uniq_crazy_yiuf_cottage
D:4:      layout_basic, gammafunk_temple_overflow_wave,
          lemuel_zombie_altar_kikubaaqudgha, dk_rats_in_the_wall
D:5:      layout_basic, mainiacjoe_overflow_two_lobes,
          minmay_temple_entry_glass, gammafunk_ghost_cemetery,
          uniq_prince_ribbit1
D:6:      layout_gridville, uniq_duvessa
D:7:      layout_basic, zin_academy
D:8:      layout_basic, grunt_lair_entry_orc_guard_hut
D:9:      layout_rooms, minmay_fractal_squares_5
Temple:   nicolae_temple_bog_church
Lair:1:   layout_cave_pods, small_statue_intersection, infiniplex_staircase_pool
Lair:2:   layout_gridlike, special_room [special_room_bee],
          serial_bayou_shore_b, infiniplex_staircase_pool_2, grunt_megastairs_2
Lair:3:   layout_gridlike, minmay_shoals_entry_lonely_mermaid,
          nicolae_spider_entry_tight_spaces, enter_volcano_4,
          beast_lair_carwin_10
Lair:4:   layout_gridlike, lemuel_fruit_tree, uniq_snorg
Lair:5:   evil_forest, layout_regular_city, slime_entry_1

Skill      XL: |  1  2  3  4  5  6  7  8  9 10 11 12 |
---------------+-------------------------------------+-----
Spellcasting   | 2 3 4 5 6 7 |  7.3
Fire Magic     | 4 5 6 8 9 10 11 12 | 12.0
Conjurations   | 2 4 6 8 12 | 12.1
Poison Magic   | 2 |  2.0
Dodging        | 3 6 8 9 10 | 10.0
Fighting       | 4 5 |  5.3
Polearms       | |  3.0

Action                   |  1- 3 |  4- 6 |  7- 9 | 10-12 | 13-15 || total
-------------------------+-------+-------+-------+-------+-------++-------
Melee: Spear             |    54 |    77 |    14 |    31 |       ||   176
       Constrict         |    12 |    12 |     3 |    13 |       ||    40
       Tentacles         |     8 |    12 |     1 |    10 |       ||    31
       Morningstar       |       |       |       |    24 |       ||    24
       Punch             |       |       |       |     1 |       ||     1
       Quarterstaff      |       |       |       |     7 |       ||     7
       Kick              |       |       |       |     3 |       ||     3
Throw: Dart              |       |       |     8 |       |       ||     8
       Javelin           |       |       |     2 |       |       ||     2
 Cast: Scorch            |    26 |    63 |   150 |   289 |       ||   528
       Mephitic Cloud    |       |       |     4 |    24 |       ||    28
       Fireball          |       |       |     1 |    56 |       ||    57
Invok: Foxfire Swarm     |       |       |       |     1 |       ||     1
       Fiery Armour      |       |       |       |     1 |       ||     1
Evoke: Wand              |       |       |     5 |    13 |       ||    18
  Use: Scroll            |       |     6 |     3 |    14 |     1 ||    24
       Potion            |       |       |     1 |     3 |     3 ||     7
 Stab: Sleeping          |     1 |     5 |       |       |       ||     6
Armor: Skin              |     5 |     6 |     5 |     9 |       ||    25
Dodge: Dodged            |    29 |    77 |    31 |   155 |     4 ||   296
